cohdb
Replays
Latest Replays
All Replays
Popular Replays
Top Player Replays
Match Explorer
How It Works
Community
CoH3 Stats
Reddit
Sign in to upload your games and track your stats! →
Sign in with Steam
Match 37855576
Unlisted
Match 37855576
Overview
Messages
Build Orders
End
Selects Italian Combined Arms Battlegroup
Selects Bersaglieri Squad
Bersaglieri Squad
Kradschützen Motorcycle Team
Bersaglieri Squad
Bersaglieri Squad
Construct Light Support Kompanie
Combat Half-tracks
2.5-tonne Medical Truck
Selects Bersaglieri Bolster
Panzerjäger Mechanized Group
Fire Support Elements
Veteran Squad Leaders
Construct Panzerarmee Kommand
Selects Breda Model 30 Light Machine Guns
Bersaglieri Squad
le.IG 18 Mechanized Group
Panzer III L Medium Tank
Emergency Repair Kits
Selects Semovente da 75/18 Assault Gun
Selects Strafing Run
Selects Artillery Cover
Vehicle Survival Package
Armored Reserves
Panzer IV Assault Group
(502) Bad Gateway
TerraZorc
0
0
Comments
sign in to comment!
No comments posted yet!